AoeStats
← Not noob.Just tired.

Black Forest

505640567Analyzed
4v4 RM · 23d ago on Sep 10, 2026· 42m 45s· 8 players
Game mode
Random Map
Map size
Large (8 player)
Population
200
Speed
Normal
Resources
Standard
Victory
Conquest
Starting age
Dark Age
Ending age
Imperial Age
RankedLock teamsTeams togetherTeam positionsShared explorationLock speedFull tech treeHidden civsTurbo modeCheats
Victory
Defeat
🇨🇳 Britons · China
1463
+11
🇨🇳 Turks · China
1425
+13
1416
+13
🇨🇳 Turks · China
1366
+16
🇯🇵 Vietnamese · Japan
1383
-14
🇹🇼 Celts · Taiwan
1364
-14
🇭🇰 Bohemians · Hong Kong SAR China
1350
-13
🇻🇳 Teutons · Vietnam
1324
-12
ivylin
10:42 Feudal Age
11:36 Loom
15:10 Castle Age
15:41 Double-Bit Axe
17:21 Bow Saw
21:38 Wheelbarrow
22:24 Scale Barding Armor
24:05 Horse Collar
25:52 Husbandry
26:09 Heavy Plow
29:00 Stone Mining
29:47 Chain Barding Armor
32:17 Hand Cart
32:47 Stone Shaft Mining
32:04 Gold Mining
37:38 Imperial Age
36:05 Gold Shaft Mining
35:39 Scale Mail Armor
35:49 Forging
36:24 Coinage
35:27 Pikeman
35:56 Arson
36:53 Chain Mail Armor
37:39 Onager
38:34 Furor Celtica
38:47 Conscription
37:48 Halberdier
39:02 Plate Mail Armor
god comic
0:49 Loom
13:37 Feudal Age
16:08 Double-Bit Axe
18:28 Castle Age
17:07 Fletching
17:10 Horse Collar
21:43 Crossbowman
22:29 Padded Archer Armor
34:50 Fortified Wall
34:49 Gold Mining
36:06 Town Watch
ocheda
1:02 Loom
10:40 Feudal Age
13:57 Horse Collar
14:09 Double-Bit Axe
18:20 Castle Age
VN_BILL
10:50 Feudal Age
14:50 Castle Age
13:07 Double-Bit Axe
14:50 Horse Collar
16:09 Bow Saw
16:41 Wheelbarrow
22:23 Hand Cart
24:16 Scale Barding Armor
24:22 Forging
24:06 Loom
25:27 Chain Barding Armor
25:40 Bloodlines
26:21 Heavy Plow
27:31 Iron Casting
31:08 Imperial Age
29:32 Fletching
29:43 Padded Archer Armor
31:28 Bodkin Arrow
31:49 Leather Archer Armor
31:13 Cavalier
32:29 Plate Barding Armor
33:01 Blast Furnace
32:09 Bodkin Arrow
32:05 Town Watch
33:09 Paladin
35:00 Onager
36:27 Leather Archer Armor
37:35 Siege Onager
39:31 Two-Man Saw
39:54 Coinage
41:21 Banking
41:23 Ring Archer Armor
41:55 Chemistry
41:16 Ballistics
莽村车神李有田
6:46 Loom
11:00 Feudal Age
12:29 Double-Bit Axe
15:02 Castle Age
13:22 Horse Collar
23:51 Gold Mining
24:44 Bow Saw
26:33 Wheelbarrow
26:01 Heavy Plow
30:53 Imperial Age
29:21 Hand Cart
29:07 Scale Mail Armor
29:22 Forging
31:04 Chain Mail Armor
31:24 Iron Casting
32:21 Plate Mail Armor
31:15 Onager
31:20 Halberdier
32:00 Squires
33:15 Conscription
33:05 Torsion Engines
34:15 Blast Furnace
34:39 Siege Onager
36:40 Arson
41:37 Elite Shotel Warrior
42:18 Royal Heirs
Not noob.Just tired.
1:45 Loom
12:03 Feudal Age
16:07 Castle Age
15:26 Double-Bit Axe
16:45 Horse Collar
19:16 Wheelbarrow
26:06 Padded Archer Armor
32:30 Imperial Age
30:18 Gold Mining
31:09 Bow Saw
31:47 Town Watch
31:53 Fletching
32:47 Gold Shaft Mining
32:05 Stone Mining
33:19 Hand Cart
34:41 Bombard Tower
35:14 Bodkin Arrow
35:31 Treadmill Crane
36:14 Bracer
36:58 Artillery
38:01 Masonry
38:20 Leather Archer Armor
38:28 Conscription
39:07 Fortified Wall
40:05 Elite Janissary
爱烤番薯的机长
0:34 Loom
11:46 Feudal Age
14:11 Double-Bit Axe
15:40 Horse Collar
19:37 Wheelbarrow
22:42 Castle Age
23:46 Heavy Plow
23:56 Bow Saw
23:33 Town Watch
27:26 Hand Cart
27:28 Gold Mining
32:29 Gold Shaft Mining
31:45 Stone Mining
35:46 Imperial Age
33:50 Fortified Wall
34:46 Scale Barding Armor
35:07 Treadmill Crane
35:54 Chain Barding Armor
35:44 Forging
35:47 Bloodlines
35:37 Husbandry
35:54 Heavy Camel Rider
37:09 Plate Barding Armor
37:10 Iron Casting
36:59 Conscription
38:57 Blast Furnace
38:39 Artillery
41:07 Guilds
MrFUNAN
12:18 Feudal Age
13:10 Double-Bit Axe
16:09 Castle Age
15:36 Horse Collar
18:08 Bow Saw
22:01 Fletching
26:20 Wheelbarrow
26:01 Heavy Plow
26:26 Gold Mining
27:31 Padded Archer Armor
28:05 Stone Mining
29:54 Yeomen
32:09 Murder Holes
33:01 Gold Shaft Mining
35:27 Imperial Age
34:12 Bodkin Arrow
34:33 Leather Archer Armor
34:51 Pikeman
35:47 Forging
35:58 Scale Mail Armor
35:29 Halberdier
37:13 Iron Casting
36:52 Arson
37:08 Squires
38:52 Bracer
39:33 Ring Archer Armor
40:05 Chemistry
39:26 Ballistics
39:15 Warwolf
40:35 Elite Longbowman
Connection lost

Rejoining the realm…

Still unreachable

The connection could not be restored.

Session expired

The server has moved on; the page needs a fresh start.